 Dungeon Crawl Stone Soup version 0.22-a0-880-gb7b0c8b (webtiles) character file.

142 Amnesiac the Chucker (level 5, -4/54 HPs)
             Began as an Ogre Fighter on July 30, 2018.
             Slain by an orc wizard
             ... wielding a +2 dagger of draining
              (6 damage)
             ... on level 3 of the Dungeon.
             The game lasted 00:06:32 (3142 turns).

Amnesiac the Chucker (Ogre Fighter)                 Turns: 3142, Time: 00:06:33

Health: -4/54      AC:  3    Str: 21    XL:     5   Next: 24%
Magic:  5/5        EV:  7    Int:  9    God:
Gold:   87         SH:  0    Dex:  8    Spells: 4/4 levels left

rFire    . . .     SeeInvis .   a - +0 trident
rCold    . . .     Gourm    .   c - +0 shield
rNeg     . . .     Faith    .   b - +0 robe
rPois    .         Spirit   .   (helmet restricted)
rElec    .         Reflect  .   (no cloak)
rCorr    .         Harm     .   (gloves unavailable)
MR       .....                  (boots unavailable)
Stlth    ..........             (no amulet)
HPRegen  0.18/turn              (no ring)
MPRegen  0.09/turn              (no ring)

@: confused, heavily drained
A: large, unfitting armour, claws 1, hooves 1, tough skin 1, wild magic 1
a: no special abilities


You were on level 3 of the Dungeon.
You were not hungry.

You visited 1 branch of the dungeon, and saw 3 of its levels.

You collected 87 gold pieces.

Inventory:

Hand Weapons
 a - a +0 trident (weapon)
 t - a +0 hunting sling
Missiles
 m - 97 stones
 n - a throwing net (quivered)
Armour
 b - a +0 robe (worn)
 c - a +0 shield (worn)
Scrolls
 e - a scroll of blinking {!r, unknown}
 g - a scroll of noise {!r, unknown}
 j - 3 scrolls of teleportation {!r, unknown}
 p - a scroll of amnesia {!r}
 s - a scroll of fear {!r}
Potions
 d - a potion of might {!q}
 h - a potion of brilliance {!q}
 q - a potion of haste {!q}
 r - a potion of degeneration {!q}
Comestibles
 f - 7 rations


   Skills:
 - Level 4.0(2.5) Fighting
 - Level 2.0(0.6) Polearms
 + Level 4.7(3.3) Throwing
 - Level 2.6(1.3) Dodging
 - Level 2.6(1.3) Shields


You had 4 spell levels left.
You didn't know any spells.
Your spell library was empty.

Dungeon Overview and Level Annotations

Branches:
Dungeon (3/15)

Altars:
Gozag


Innate Abilities, Weirdness & Mutations

You are too large for most types of armour.
You have tough skin. (AC +1)
You have sharp fingernails.
You have large cloven feet.
Your spells are a little harder to cast, but a little more powerful.


Message History

The orc priest is heavily wounded.
The orc wizard mumbles some strange words.
The orc wizard flickers and vanishes!
Deactivating autopickup; reactivate with Ctrl-A.
You block the orc priest's attack.
Your shield prevents you from hitting the orc priest.
The orc priest is heavily wounded.
You hit the orc priest.
The orc priest is heavily wounded.
You block the orc priest's attack. The orc hits you with a dagger!
You hit the orc priest but do no damage.
You kick the orc priest.
The orc priest is heavily wounded.
You block the orc's attack. The orc priest closely misses you.
You puncture the orc priest!
You kill the orc priest!
You have reached level 5!
You puncture the orc!
You kill the orc!
Something hits you.
You feel drained.
No target in view!
No target in view!
No target in view!
You hit something. You kick something.
You hear some strange, mumbled words.
A magic dart appears from out of thin air!
The magic dart hits you!
You completely miss something.
You hear some strange, mumbled words.
A magic dart appears from out of thin air!
The magic dart hits you!
You barely miss something. Something hits you but does no damage.
You feel drained. You block something's attack.
You miss something.
The orc shouts!
You kick something!
You hear some strange, mumbled words.
A puff of flame appears from out of thin air!
The puff of flame hits you!
* * * LOW HITPOINT WARNING * * *
You miss something. Something hits you but does no damage.
You feel drained.
Your shield prevents you from hitting something.
You kick something. Something hits you but does no damage.
You feel drained.
Your shield prevents you from hitting something.
You kick something.
You hear some strange, mumbled words.
You are confused.
The orc hits you with a dagger.
* * * LOW HITPOINT WARNING * * *
Something hits you but does no damage.
You feel drained.
You're too confused to move!
Something hits you.
* * * LOW HITPOINT WARNING * * *
You feel drained.
* * * LOW HITPOINT WARNING * * *
You bump into the rock wall.
The orc hits you with a flail of holy wrath.
* * * LOW HITPOINT WARNING * * *
The orc barely misses you.
You hear some strange, mumbled words.
You are more confused.
You bump into the rock wall.
The orc hits you with a dagger.
* * * LOW HITPOINT WARNING * * *
The orc barely misses you. Something hits you.
You die...

...........#.###.........#.o.###.
#.#.######.#.# #.........#...# #.
#.#.# #.#.# #.........#...# #.
#.#.# #.#.# #.........#...# #o
#.#.# #.#.###.........#...###.
#.#.# #.#.............oo......
#.#.######.#####.........#######o
#...............oo)......# #.
###.######.#####@############# #.
...>............{............. ..
##########.#####......######## #.
...........# #......# #.
..........[# #......# #.
...........# #......#
...........# #......#
...........# #......#
...........# #......#


You could see 2 orcs.

Vanquished Creatures
  An orc priest (D:3)
  An orc wizard (D:2)
  3 adders
  2 worms
  A dart slug (D:2)
  2 leopard geckos
  2 orcs (D:3)
  2 giant cockroaches
  4 goblins
  10 hobgoblins
  3 jackals (D:2)
  A ball python (D:3)
  6 bats
  A frilled lizard (D:2)
  4 kobolds
  6 rats
49 creatures vanquished.

Notes
Turn   | Place    | Note
-------+----------+-------------------------------------------
     0 | D:1      | Amnesiac the Ogre Fighter began the quest for the Orb.
     0 | D:1      | Reached XP level 1. HP: 24/24 MP: 1/1
   227 | D:1      | Reached skill level 1 in Throwing
   415 | D:1      | Reached XP level 2. HP: 32/32 MP: 2/2
   962 | D:2      | Found an opulent altar of Gozag.
  1259 | D:2      | Reached XP level 3. HP: 36/39 MP: 3/3
  1606 | D:2      | Noticed an orc warrior
  1649 | D:3      | Reached XP level 4. HP: 41/48 MP: 4/4
  2305 | D:3      | Noticed an orc warrior
  2317 | D:3      | Gained mutation: You have large cloven feet. [potion of mutation]
  2317 | D:3      | Gained mutation: Your spells are a little harder to cast, but a little more powerful. [potion of mutation]
  2317 | D:3      | Gained mutation: You have sharp fingernails. [potion of mutation]
  2370 | D:2      | HP: 1/48 [orc warrior/mace (6)]
  2414 | D:2      | HP: 1/48 [orc warrior/battleaxe (7)]
  3130 | D:3      | Reached XP level 5. HP: 47/54 MP: 5/5
  3142 | D:3      | HP: 2/54 [orc/dagger (1)]
  3142 | D:3      | Slain by an orc wizard

Vault maps used:
D:1:      scummos_arrival_simple_fountains
D:2:      first_ration, nicolae_gozag_cash_rules_everything_around_me

Skill      XL: |  1  2  3  4 |
---------------+-------------+-----
Throwing       | 1 2 3 4 |  4.7
Fighting       | |  4.0
Polearms       | |  2.0
Dodging        | |  2.6
Shields        | |  2.6

Action                   |  1- 3 |  4- 6 || total
-------------------------+-------+-------++-------
Melee: Trident           |   124 |    66 ||   190
       Kick              |       |     6 ||     6
Throw: Throwing net      |       |     1 ||     1
  Use: Potion            |       |     7 ||     7
       Scroll            |       |     3 ||     3
 Stab: Sleeping          |     2 |       ||     2
  Eat: Chunk             |     2 |     3 ||     5
       Ration            |       |     1 ||     1
Armor: Robe              |    23 |     9 ||    32
Dodge: Dodged            |    33 |    27 ||    60
Block: Shield            |    38 |    22 ||    60

Table legend:
 A = Spawn XP
 B = Non-spawn XP
 C = Spawn XP percentage of total XP
 D = Spawn monster count
 E = Non-spawn monster count
 F = Spawn count percentage of total count
 G = Total turns spent on level
                    A         B        C        D         E        F      G
               +---------+---------+-------+---------+---------+-------+---------
         Total |       0 |     203 |   0.0 |       0 |      49 |   0.0 |  3142
               +---------+---------+-------+---------+---------+-------+---------
           D:1 |       0 |      19 |   0.0 |       0 |      12 |   0.0 |  1214
           D:2 |       0 |     101 |   0.0 |       0 |      20 |   0.0 |  1169
           D:3 |       0 |      83 |   0.0 |       0 |      17 |   0.0 |   759
               +---------+---------+-------+---------+---------+-------+---------
